AoeStats
← Trabzonli Bela

Arabia

506329717Analyzed
1v1 RM · 21d ago on Sep 13, 2026· 11m 58s· 2 players
Game mode
Random Map
Map size
Tiny (2 player)
Population
200
Speed
Normal
Resources
Standard
Victory
Conquest
Starting age
Dark Age
Ending age
Imperial Age
RankedLock teamsTeams togetherTeam positionsShared explorationLock speedFull tech treeHidden civsTurbo modeCheats
Victory
Defeat
🇹🇷 Vietnamese · Türkiye
876
+14
🇵🇪 Spanish · Peru
840
-14
Executor
6:49 Loom
9:02 Feudal Age
10:30 Wheelbarrow
9:43 Town Watch
10:01 Double-Bit Axe
11:15 Horse Collar
Trabzonli Bela
4:39 Loom
10:21 Feudal Age
Connection lost

Rejoining the realm…

Still unreachable

The connection could not be restored.

Session expired

The server has moved on; the page needs a fresh start.